 Dungeon Sprint DCSS version 0.27-a0-1525-g1038ab4fd7 (webtiles) character file.

Game seed: 10029268240344219945

933055 mhtbhm the Minotaur Barricade (level 23, -10/240 HPs)
             Began as a Minotaur Fighter on July 10, 2021.
             Was the Champion of Okawaru.
             Drowned by Rouroeqel the pandemonium lord (38 damage)
             ... in the Dungeon (Sprint IX: "|||||||||||||||||||||||||||||").
             The game lasted 00:33:08 (22067 turns).

mhtbhm the Minotaur Barricade (Minotaur Fighter)   Turns: 22067, Time: 00:33:09

Health: -10/240    AC: 54    Str: 30 (31) XL:     23   Next: 48%
Magic:  48/48      EV: 20    Int:  4      God:    Okawaru [******]
Gold:   179        SH: 31    Dex: 16 (17) Spells: 67/67 levels left

rFire    + . .     SeeInvis +   a - +9 trishula (holy)
rCold    + + .     Faith    +   c - +3 tower shield {rC+}
rNeg     + . .     Spirit   .   b - +14 crystal plate armour
rPois    +         Reflect  .   l - +1 hat {Stlth+}
rElec    .         Harm     .   t - +0 cloak {rCorr}
rCorr    +         Rampage  .   x - +0 pair of gloves of Pandemonium {Contam rC+ rN+ Int+3}
Will     .....     NoTele   +   v - +2 pair of boots {Stlth+}
Stlth    ++........             A - amulet of faith
HPRegen  0.50/turn              C - ring "Abboemol" {rPois rCorr Int-4 Dex+7 SInv}
MPRegen  0.31/turn              K - ring "Xaggu" {rF+ Will- rCorr SInv}

@: no status effects
A: horns 2, retaliatory headbutt, deterioration 1
0: Orb of Zot
}: 17/17 runes: decaying, serpentine, barnacled, slimy, elven, silver, golden,
iron, obsidian, icy, bone, abyssal, glowing, magical, fiery, dark, gossamer
a: Renounce Religion, Heroism, Finesse


You were in the Dungeon.
You worshipped Okawaru.
Okawaru was exalted by your worship.
You visited 1 branch You collected 1998 gold pieces.
You spent 1819 gold pieces at shops.

Inventory:

Hand Weapons
 a - a +9 trishula of holy wrath (weapon)
 d - the +6 sword of Cerebov {flame}
   (You took it off Cerebov in the Dungeon)

   It has been specially enchanted to burn those struck by it, causing extra
   injury to most foes and up to half again as much damage against particularly
   susceptible opponents.
   Big, fiery blades are also staple armaments of hydra-hunters.
 g - a +8 demon trident of flaming
 j - the +4 staff of Dispater
   (You took it off Dispater in the Dungeon)
Missiles
 o - 32 atropa-tipped darts
 p - 57 javelins
 J - 27 silver javelins (quivered)
 R - 4 datura-tipped darts
Armour
 b - a +14 crystal plate armour (worn)
 c - a +3 tower shield of cold resistance (worn)
 l - a +1 hat of stealth (worn)
 m - a scarf of repulsion
 n - a +2 pair of gloves of archery
 t - a +0 cloak of preservation (worn)
 v - a +2 pair of boots of stealth (worn)
 x - the +0 pair of gloves of Pandemonium (worn) {Contam rC+ rN+ Int+3}
   (Okawaru gifted it to you in the Dungeon)

   Int:       It affects your intelligence (+3).
   rC:        It protects you from cold.
   rN:        It protects you from negative energy.
   Contam:    It causes magical contamination when unequipped.
 F - the +4 moon troll leather armour {Spirit, Regen++ MP+5}
   (You found it in the Dungeon)

   MP:        It affects your magic capacity (+5).
   Regen:     It increases your rate of health regeneration.
Jewellery
 A - an amulet of faith (around neck)
 B - a +6 ring of strength
 C - the ring "Abboemol" (left hand) {rPois rCorr Int-4 Dex+7 SInv}
   (You bought it in a shop in the Dungeon)

   [ring of see invisible]

   Int:       It affects your intelligence (-4).
   Dex:       It affects your dexterity (+7).
   rPois:     It protects you from poison.
   SInv:      It lets you see invisible.
   rCorr:     It protects you from acid and corrosion.
 E - the amulet of Veusirua {RegenMP Fly}
   (You found it in the Dungeon)

   [amulet of magic regeneration]

   It increases your rate of magic regeneration.
   Fly:       It grants you flight.
 I - a +3 ring of slaying
 K - the ring "Xaggu" (right hand) {rF+ Will- rCorr SInv}
   (You found it in the Dungeon)

   [ring of resist corrosion]

   rF:        It protects you from fire.
   SInv:      It lets you see invisible.
   rCorr:     It protects you from acid and corrosion.
   Will:      It decreases your willpower.
 L - the ring "Woethuxit" {Will- rCorr MP+9 SInv}
   (You found it in the Dungeon)

   [ring of magical power]

   MP:        It affects your magic capacity (+9).
   SInv:      It lets you see invisible.
   rCorr:     It protects you from acid and corrosion.
   Will:      It decreases your willpower.
 M - the ring "Etatt" {Wiz rElec Str+2}
   (You found it in the Dungeon)

   [ring of wizardry]

   It improves your spell success rate.
   Str:       It affects your strength (+2).
   rElec:     It insulates you from electricity.
Wands
 u - a wand of mindburst (7)
Scrolls
 k - 2 scrolls of amnesia
 q - 7 scrolls of identify
 r - 2 scrolls of fear
 w - a scroll of immolation
 y - a scroll of holy word
 z - a scroll of magic mapping
Potions
 e - 3 potions of curing
 f - 2 potions of invisibility
 h - 9 potions of magic
 i - a potion of flight
 G - a potion of resistance
 H - 5 potions of brilliance
 N - 4 potions of haste
 Q - a potion of mutation
Miscellaneous
 s - the horn of Geryon
 D - a tin of tremorstones (2/2)


   Skills:
 O Level 27 Fighting
 - Level 3.3(4.0) Short Blades
 - Level 3.6(4.4) Long Blades
 - Level 3.6(19.1) Axes
 - Level 3.7(5.1) Maces & Flails
 O Level 27 Polearms
 - Level 3.6(19.1) Staves
 - Level 20.7(26.9) Slings
 - Level 3.3 Bows
 - Level 3.3 Crossbows
 O Level 27 Throwing
 O Level 27 Armour
 O Level 27 Dodging
 O Level 27 Stealth
 O Level 27 Shields
 - Level 3.3 Unarmed Combat
 + Level 22.9 Spellcasting
 - Level 2.5 Conjurations
 - Level 2.0 Hexes
 - Level 2.2 Summonings
 - Level 2.2 Necromancy
 + Level 24.4 Translocations
 - Level 2.7 Transmutations
 - Level 2.5 Fire Magic
 - Level 2.5 Ice Magic
 - Level 2.5 Air Magic
 - Level 2.8 Earth Magic
 - Level 2.5 Poison Magic
 O Level 27 Invocations
 O Level 27 Evocations


You had 67 spell levels left.
You didn't know any spells.
Your spell library contained the following spells:

 Spells                   Type           Power      Damage    Failure   Level
 Blink                    Tloc           N/A        N/A       0%          2
 Lesser Beckoning         Tloc           12%        N/A       0%          3
 Manifold Assault         Tloc           24%        N/A       1%          5
 Foxfire                  Conj/Fire      24%        2x1d5     10%         1
 Conjure Flame            Conj/Fire      6%         6-21      30%         3
 Inner Flame              Hex/Fire       6%         N/A       34%         3


Dungeon Overview and Level Annotations

Branches:
Dungeon (1/1)

Altars:
Cheibriados
Dithmenos
Elyvilon
Fedhas
Gozag
Hepliaklqana
Kikubaaqudgha
Makhleb
Nemelex Xobeh
Okawaru
Qazlal
Ru
Sif Muna
Trog
Uskayaw
Vehumet
Wu Jian
Xom
Yredelemnul
Zin
The Shining One
Beogh
Jiyva
Lugonu

Shops:
D :?*=


Innate Abilities, Weirdness & Mutations

You have a pair of horns on your head.
You reflexively headbutt those who attack you in melee.
Your body sometimes deteriorates upon taking damage.


Message History

Your body is wracked with pain!
Your body deteriorates!
You feel weakened.
The tormentor calls on the powers of darkness!
Your body is wracked with pain!
Things that are here:
a +1 battleaxe of venom; a +0 leather armour You hit Rouroeqel.
Rouroeqel convulses.
You headbutt Rouroeqel!
Rouroeqel is lightly wounded.
You block Rouroeqel's attack.
You barely miss Rouroeqel.
You headbutt Rouroeqel, but do no damage.
Rouroeqel is lightly wounded.
Rouroeqel engulfs you!!
* * * LOW HITPOINT WARNING * * *
Your body deteriorates!
You feel clumsy. Rouroeqel drowns you!!
* * * LOW HITPOINT WARNING * * *
Press: ? - help, v - describe, . - travel, g - get item
Here: Rouroeqel (lightly wounded) Item here: a +1 demon whip of draining.
The floor, spattered with blood.
Unknown command.
Okay, then.
You feel better. You block Rouroeqel's attack.
Throw: 28 javelins (silver)
Press: ? - help, Q - select action, (/) - cycle Shift-Dir - straight line, f - Rouroeqel
Aim: Rouroeqel (lightly wounded, 77% to hit)
You throw a silver javelin.
The silver javelin pierces through Rouroeqel!!
Rouroeqel is lightly wounded.
The silver javelin pierces through the tormentor!!!
You kill the tormentor!
Okawaru accepts your kill.
The silver javelin pierces through the blizzard demon!!!!
You kill the blizzard demon!
Okawaru accepts your kill. Rouroeqel engulfs you.
* * * LOW HITPOINT WARNING * * *
Rouroeqel drowns you!!!
You die...

▓.........................
▓▓▓▓▓▓▓▓▓▓▓▓▓▓▓▓▓▓▓▓▓▓▓▓▓▓
▓.........'........)..)..)
▓.▓▓▓▓▓▓▓▓▓▓▓▓▓▓▓▓▓▓▓▓▓▓▓▓
▓.................).......
▓▓▓▓▓▓▓▓▓▓▓▓▓▓▓▓▓▓▓▓▓▓▓▓▓▓
▓.[))........'...†...)†'†.
▓.▓▓▓▓▓▓▓▓▓▓▓▓▓▓▓▓▓▓▓▓▓▓▓▓
▓.(.....&@...........))...
▓▓▓▓▓▓▓▓▓▓▓▓▓▓▓▓▓▓▓▓▓▓▓▓▓▓
▓.......).'...(..)......))
▓.▓▓▓▓▓▓▓▓▓▓▓▓▓▓▓▓▓▓▓▓▓▓▓▓
▓.........................
▓▓▓▓▓▓▓▓▓▓▓▓▓▓▓▓▓▓▓▓▓▓▓▓▓▓
▓..[....=.)'..............
▓.▓▓▓▓▓▓▓▓▓▓▓▓▓▓▓▓▓▓▓▓▓▓▓▓
▓................)).....))


You could see Rouroeqel.

Vanquished Creatures
  Cerebov (D)
  Asmodeus (D)
  Antaeus (D)
  Ereshkigal (D)
  the Royal Jelly (D)
  Gloorx Vloq (D)
  Lom Lobon (D)
  Mnoleg (D)
  3 orbs of fire (D)
  Dispater (D)
  3 pandemonium lords (D)
  7 ancient liches (D)
  Mennas (D)
  Sojobo (D)
  7 royal mummies (D)
  Boris (twice) (D)
  Frederick (D)
  A Killer Klown (D)
  Margery (D)
  Geryon (D)
  A curse toe (D)
  Xtahua (D)
  2 golden dragons (D)
  Jory (D)
  2 Tzitzimimeh (D)
  A Brimstone Fiend (D)
  3 electric golems (D)
  Rupert (D)
  2 tentacled monstrosities (D)
  33 Orb Guardians (D)
  2 liches (D)
  3 quicksilver dragons (D)
  5 deep elf blademasters (D)
  Gastronok (D)
  3 death cobs (D)
  12 sphinxes (D)
  3 storm dragons (D)
  11 acid blobs (D)
  Frances (D)
  10 shadow dragons (D)
  2 draconian monks (D)
  An Executioner (D)
  4 tengu reavers (D)
  Agnes (D)
  7 azure jellies (D)
  6 nagarajas (D)
  Ilsuiw (D)
  A fire giant (D)
  6 rockslimes (D)
  An orc warlord (D)
  2 ghost moths (D)
  4 cacodemons (D)
  4 draconian scorchers (D)
  2 deep elf sorcerers (D)
  2 draconian shifters (D)
  2 balrugs (D)
  A draconian stormcaller (D)
  A warmonger (D)
  6 emperor scorpions (D)
  2 vault wardens (D)
  5 very ugly things (D)
  4 ironbound preservers (D)
  3 draconian annihilators (D)
  A reaper (D)
  5 quicksilver oozes (D)
  6 stone giants (D)
  3 war gargoyles (D)
  A black draconian (D)
  6 deep elf annihilators (D)
  Nessos (D)
  A deep elf demonologist (D)
  5 green draconians (D)
  9 vampire knights (D)
  4 red draconians (D)
  4 white draconians (D)
  5 purple draconians (D)
  A bunyip (D)
  A yellow draconian (D)
  2 ettins (D)
  2 eleionomae (D)
  2 blizzard demons (D)
  6 mummy priests (D)
  4 merfolk impalers (D)
  A deep elf death mage (D)
  3 merfolk javelineers (D)
  A fire dragon (D)
  2 monstrous demonspawn (D)
  4 ice dragons (D)
  10 hydras (D)
  A spriggan air mage (D)
  25 vault guards (D)
  A hydra (shapeshifter) (D)
  2 great orbs of eyes (D)
  2 naga warriors (D)
  2 ogre magi (D)
  A rakshasa (D)
  Erolcha (D)
  2 centaur warriors (D)
  An alligator snapping turtle (D)
  A hell beast (D)
  An ironbound frostheart (D)
  A peacekeeper (D)
  2 merfolk aquamancers (D)
  2 merfolk avatars (D)
  A death knight (D)
  5 two-headed ogres (D)
  An alligator (D)
  2 vampire magi (D)
  2 tengu warriors (D)
  A deep troll shaman (D)
  A thrashing horror (D)
  7 hell knights (D)
  3 deep troll earth magi (D)
  A sun demon (D)
  Nergalle (D)
  A sea snake (D)
  2 sixfirhies (D)
  3 cherubim (D)
  4 swamp dragons (D)
  3 wizards (D)
  A naga ritualist (D)
  3 deep elf pyromancers (D)
  3 ironbound convokers (D)
  2 necromancers (D)
  A mana viper (D)
  An ugly thing (D)
  5 orc knights (D)
  2 orc sorcerers (D)
  2 wolf spiders (D)
  3 manticores (D)
  7 moths of wrath (D)
  A salamander (D)
  Maurice (D)
  2 vault sentinels (D)
  3 guardian serpents (D)
  An elephant (D)
  A rust devil (D)
  An eye of devastation (shapeshifter) (D)
  Joseph (D)
  2 naga magi (D)
  2 black mambas (D)
  A smoke demon (D)
  5 orange demons (D)
  A freezing wraith (D)
  3 rime drakes (D)
  A tengu conjurer (D)
  An efreet (D)
  15 guardian mummies (D)
  A tormentor (D)
  A komodo dragon (D)
  A demonic crawler (D)
  4 jumping spiders (D)
  A troll (D)
  2 merfolk (D)
  5 polar bears (D)
  A wandering mushroom (D)
  3 red devils (D)
  2 tyrant leeches (D)
  2 wind drakes (D)
  2 blink frogs (D)
  A slime creature (D)
  2 snapping turtles (D)
  3 redbacks (D)
  A vampire (D)
  A ynoxinul (D)
  11 spriggans (D)
  A wyvern (D)
  4 yaks (D)
  2 tarantellas (D)
  Eustachio (D)
  2 neqoxecs (D)
  3 golden eyes (D)
  A chaos spawn (D)
  5 nagas (D)
  4 hell hounds (D)
  2 small abominations (D)
  4 acid dragons (D)
  5 large abominations (D)
  5 water moccasins (D)
  A floating eye (D)
  2 swamp drakes (D)
  A sky beast (D)
  9 orc warriors (D)
  4 black bears (D)
  7 ogres (D)
  A kobold brigand (D)
  A bullfrog (D)
  A scorpion (D)
  A killer bee (D)
  3 orc priests (D)
  4 orc wizards (D)
  An adder simulacrum (D)
  6 orcs (D)
  A ball python (D)
  A bat skeleton (D)
  2 bat zombies (D)
  A jackal (D)
  A ball python zombie (D)
  A goblin (D)
  A kobold (D)
  A rat (D)
582 creatures vanquished.

Vanquished Creatures (others)
  2 bloated husks (D)
2 creatures vanquished.

Grand Total: 584 creatures vanquished

Notes
Turn   | Place    | Note
-------+----------+-------------------------------------------
     0 | D        | mhtbhm the Minotaur Fighter began the quest for the Orb.
     0 | D        | Reached XP level 1. HP: 19/19 MP: 0/0
   118 | D        | Noticed a scorpion
   118 | D        | Noticed a sky beast
   130 | D        | Killed a sky beast
   131 | D        | Reached skill level 5 in Polearms
   131 | D        | Reached XP level 2. HP: 31/31 MP: 1/1
   131 | D        | Reached XP level 3. HP: 38/38 MP: 2/2
   131 | D        | Reached XP level 4. HP: 45/45 MP: 3/3
   134 | D        | Killed a scorpion
   135 | D        | Reached XP level 5. HP: 52/52 MP: 4/4
   190 | D        | Found a snail-covered altar of Cheibriados.
   190 | D        | Found a shadowy altar of Dithmenos.
   190 | D        | Found a white marble altar of Elyvilon.
   190 | D        | Found a blossoming altar of Fedhas.
   190 | D        | Found an opulent altar of Gozag.
   191 | D        | Found a hazy altar of Hepliaklqana.
   192 | D        | Found a viscous altar of Jiyva.
   193 | D        | Found an ancient bone altar of Kikubaaqudgha.
   194 | D        | Found a corrupted altar of Lugonu.
   195 | D        | Found a burning altar of Makhleb.
   196 | D        | Found a sparkling altar of Nemelex Xobeh.
   197 | D        | Found an iron altar of Okawaru.
   198 | D        | Found a stormy altar of Qazlal.
   199 | D        | Found a sacrificial altar of Ru.
   200 | D        | Found a shimmering blue altar of Sif Muna.
   201 | D        | Found a bloodstained altar of Trog.
   202 | D        | Found a hide-covered altar of Uskayaw.
   203 | D        | Found a radiant altar of Vehumet.
   204 | D        | Found an ornate altar of the Wu Jian Council.
   205 | D        | Became a worshipper of Warmaster Okawaru
   206 | D        | Found a shimmering altar of Xom.
   207 | D        | Found a basalt altar of Yredelemnul.
   208 | D        | Found a glowing silver altar of Zin.
   209 | D        | Found a glowing golden altar of the Shining One.
   255 | D        | Noticed a yak
   255 | D        | Noticed an acid dragon
   255 | D        | Noticed a yak
   268 | D        | Reached XP level 6. HP: 30/62 MP: 5/5
   270 | D        | Killed a yak
   270 | D        | Reached * piety under Okawaru
   560 | D        | Killed an acid dragon
   561 | D        | Reached XP level 7. HP: 23/71 MP: 6/6
   566 | D        | Killed a yak
   567 | D        | Reached skill level 10 in Fighting
   567 | D        | Reached skill level 10 in Polearms
   573 | D        | Reached skill level 10 in Shields
   791 | D        | Noticed a troll
   791 | D        | Noticed a vampire
   791 | D        | Noticed a two-headed ogre
   791 | D        | Noticed a deep elf pyromancer
   791 | D        | Noticed a manticore
   791 | D        | Noticed a deep elf pyromancer
   792 | D        | Noticed a fire elemental
   794 | D        | Killed a deep elf pyromancer
   794 | D        | Reached ** piety under Okawaru
   794 | D        | Killed a manticore
   794 | D        | Reached *** piety under Okawaru
   794 | D        | Killed a two-headed ogre
   794 | D        | Reached **** piety under Okawaru
   795 | D        | Reached skill level 1 in Dodging
   795 | D        | Reached XP level 8. HP: 83/83 MP: 7/7
   795 | D        | Reached XP level 9. HP: 90/90 MP: 8/8
   800 | D        | Killed a deep elf pyromancer
   800 | D        | Reached ***** piety under Okawaru
   800 | D        | Received a gift from Okawaru
   815 | D        | Killed a troll
   815 | D        | Received a gift from Okawaru
   816 | D        | Reached skill level 15 in Polearms
  1191 | D        | Noticed a polar bear
  1191 | D        | Noticed a rime drake
  1191 | D        | Noticed a black mamba
  1196 | D        | Killed a black mamba
  1205 | D        | Noticed a komodo dragon
  1211 | D        | Killed a rime drake
  1216 | D        | Killed a polar bear
  1227 | D        | Reached XP level 10. HP: 92/101 MP: 9/9
  1402 | D        | Noticed an elephant
  1408 | D        | Reached skill level 1 in Stealth
  1419 | D        | Killed an elephant
  1722 | D        | Received a gift from Okawaru
  2012 | D        | Noticed Erolcha
  2029 | D        | Killed Erolcha
  2030 | D        | Reached skill level 15 in Fighting
  2030 | D        | Reached skill level 15 in Shields
  2030 | D        | Reached XP level 11. HP: 88/112 MP: 10/10
  2034 | D        | Noticed Eustachio
  2046 | D        | Killed Eustachio
  2054 | D        | Noticed Maurice
  2068 | D        | Killed Maurice
  2418 | D        | Noticed an orc knight
  2418 | D        | Noticed an orc sorcerer
  2423 | D        | Noticed an orc knight
  2426 | D        | Killed an orc sorcerer
  2437 | D        | Killed an orc knight
  2455 | D        | Killed an orc knight
  2461 | D        | Noticed an orc sorcerer
  2467 | D        | Received a gift from Okawaru
  2475 | D        | Paralysed by an orc sorcerer for 4 turns
  2486 | D        | Killed an orc sorcerer
  2614 | D        | Found Daxirghab's Jewellery Boutique.
  2614 | D        | Noticed a two-headed ogre
  2614 | D        | Noticed a two-headed ogre
  2617 | D        | Noticed a two-headed ogre
  2628 | D        | Killed a two-headed ogre
  2638 | D        | Killed a two-headed ogre
  2639 | D        | Reached skill level 15 in Armour
  2639 | D        | Reached skill level 5 in Dodging
  2657 | D        | Killed a two-headed ogre
  2726 | D        | Found Taskiwn's General Store.
  2730 | D        | Found Ziofear's Magic Scroll Boutique.
  2733 | D        | Found Zosu Neco's Book Shop.
  2733 | D        | Noticed a two-headed ogre
  2734 | D        | Noticed an ogre mage
  2739 | D        | Noticed an ogre mage
  2747 | D        | Killed a two-headed ogre
  2761 | D        | Killed an ogre mage
  2762 | D        | Killed an ogre mage
  2763 | D        | Reached XP level 12. HP: 66/125 MP: 11/11
  2824 | D        | Bought a scroll of immolation for 42 gold pieces
  2824 | D        | Bought a scroll of enchant armour for 90 gold pieces
  2824 | D        | Bought a scroll of holy word for 90 gold pieces
  2830 | D        | Bought a potion of haste for 100 gold pieces
  2830 | D        | Bought a scroll of magic mapping for 35 gold pieces
  2834 | D        | Bought an amulet of faith for 400 gold pieces
  2841 | D        | Bought a +6 ring of strength for 643 gold pieces
  2841 | D        | Bought the ring "Abboemol" {rPois rCorr Int-4 Dex+7 SInv}
                  | for 419 gold pieces
  3115 | D        | Found the +4 moon troll leather armour {Spirit, Regen++
                  | MP+5}
  3206 | D        | Noticed a tengu warrior
  3206 | D        | Noticed a centaur warrior
  3206 | D        | Noticed a seven-headed hydra
  3211 | D        | Killed a seven-headed hydra
  3216 | D        | Noticed a death knight
  3220 | D        | Noticed a six-headed hydra
  3221 | D        | Killed a centaur warrior
  3231 | D        | Noticed a fire giant
  3242 | D        | Received a gift from Okawaru
  3256 | D        | Killed a tengu warrior
  3271 | D        | Killed a death knight
  3279 | D        | Killed a six-headed hydra
  3279 | D        | Reached ****** piety under Okawaru
  3288 | D        | Killed a fire giant
  3288 | D        | Received a gift from Okawaru
  3553 | D        | Noticed a cyan very ugly thing
  3554 | D        | Noticed a tengu reaver
  3554 | D        | Noticed a deep troll shaman
  3570 | D        | Killed a cyan very ugly thing
  3577 | D        | Killed a tengu reaver
  3581 | D        | Killed a deep troll shaman
  3804 | D        | Noticed Frances
  3824 | D        | Killed Frances
  3825 | D        | Reached XP level 13. HP: 84/137 MP: 12/12
  4006 | D        | Noticed Agnes
  4015 | D        | Killed Agnes
  4015 | D        | Identified the +7 scimitar of Ascent {speed, rN+ Int+4}
                  | (Okawaru gifted it to you in the Dungeon)
  4015 | D        | Received a gift from Okawaru
  4023 | D        | Noticed Nessos
  4062 | D        | Killed Nessos
  4324 | D        | Noticed an eleionoma
  4324 | D        | Noticed a bunyip
  4335 | D        | Killed a bunyip
  4357 | D        | Killed an eleionoma
  4372 | D        | Received a gift from Okawaru
  4639 | D        | Noticed a nagaraja
  4672 | D        | Killed a nagaraja
  4672 | D        | Received a gift from Okawaru
  4984 | D        | Noticed an emperor scorpion
  5048 | D        | Killed an emperor scorpion
  5255 | D        | Received a gift from Okawaru
  5320 | D        | Noticed Rupert
  5321 | D        | Paralysed by Rupert for 3 turns
  5334 | D        | Killed Rupert
  5334 | D        | Received a gift from Okawaru
  5426 | D        | Noticed Joseph
  5431 | D        | Noticed Gastronok
  5436 | D        | Noticed Nergalle
  5441 | D        | Killed Joseph
  5457 | D        | Killed Gastronok
  5458 | D        | Reached XP level 14. HP: 123/149 MP: 13/13
  5471 | D        | Killed Nergalle
  5604 | D        | Noticed a stone giant
  5636 | D        | Killed a stone giant
  5636 | D        | Received a gift from Okawaru
  5654 | D        | Paralysed by a great orb of eyes for 7 turns
  5794 | D        | Reached skill level 1 in Throwing
  5794 | D        | Reached skill level 5 in Evocations
  6271 | D        | Noticed a purple very ugly thing
  6272 | D        | Noticed a stone giant
  6288 | D        | Killed a purple very ugly thing
  6296 | D        | Killed a stone giant
  6328 | D        | Received a gift from Okawaru
  6336 | D        | Noticed an ironbound preserver
  6336 | D        | Noticed a vault warden
  6363 | D        | Killed a vault warden
  6372 | D        | Killed an ironbound preserver
  6395 | D        | Noticed an ironbound preserver
  6403 | D        | Noticed a vault warden
  6408 | D        | Noticed an ironbound preserver
  6424 | D        | Noticed a white very ugly thing
  6426 | D        | Noticed an orc warlord
  6435 | D        | Noticed an ironbound preserver
  6440 | D        | Killed an ironbound preserver
  6454 | D        | Killed a vault warden
  6465 | D        | Killed an ironbound preserver
  6471 | D        | Noticed a war gargoyle
  6480 | D        | Killed an ironbound preserver
  6484 | D        | Killed a white very ugly thing
  6502 | D        | Killed an orc warlord
  6514 | D        | Killed a war gargoyle
  6514 | D        | Received a gift from Okawaru
  6515 | D        | Reached skill level 27 in Shields
  6515 | D        | Reached XP level 15. HP: 106/162 MP: 14/14
  6803 | D        | Found the +8 Wrath of Trog {antimagic, *Rage Rampage}
  6916 | D        | Noticed Jory
  6916 | D        | Noticed Mennas
  7109 | D        | Killed Jory
  7395 | D        | Killed Mennas
  7395 | D        | Received a gift from Okawaru
  7760 | D        | Noticed Margery
  7778 | D        | Killed Margery
  8001 | D        | Received a gift from Okawaru
  8033 | D        | Noticed a ghost moth
  8035 | D        | Noticed a ghost moth
  8039 | D        | Killed a ghost moth
  8049 | D        | Killed a ghost moth
  8195 | D        | Got a gossamer rune of Zot
  8203 | D        | Noticed Ilsuiw
  8223 | D        | Killed Ilsuiw
  8226 | D        | Reached skill level 5 in Invocations
  8245 | D        | Received a gift from Okawaru
  8275 | D        | Reached XP level 16. HP: 50/182 MP: 17/19
  8286 | D        | Got a barnacled rune of Zot
  8639 | D        | Reached skill level 27 in Fighting
  8666 | D        | Got a serpentine rune of Zot
  8872 | D        | Reached skill level 5 in Throwing
  8900 | D        | Reached skill level 27 in Polearms
  8917 | D        | Got a decaying rune of Zot
  8955 | D        | Noticed Frederick
  8969 | D        | Killed Frederick
  8969 | D        | Received a gift from Okawaru
  8969 | D        | Received a gift from Okawaru
  9082 | D        | Noticed Xtahua
  9092 | D        | Killed Xtahua
  9168 | D        | Reached skill level 10 in Invocations
  9180 | D        | Reached skill level 10 in Throwing
  9254 | D        | Reached skill level 27 in Armour
  9297 | D        | Received a gift from Okawaru
  9311 | D        | Noticed an ancient lich
  9311 | D        | Noticed a lich
  9319 | D        | Noticed a tengu reaver
  9321 | D        | Killed a lich
  9336 | D        | Killed an ancient lich
  9337 | D        | Reached skill level 15 in Throwing
  9337 | D        | Reached skill level 15 in Invocations
  9337 | D        | Reached XP level 17. HP: 172/191 MP: 25/27
  9356 | D        | Received a gift from Okawaru
  9403 | D        | Received a gift from Okawaru
  9426 | D        | Received a gift from Okawaru
  9750 | D        | Noticed a quicksilver dragon
  9750 | D        | Noticed an ancient lich
  9757 | D        | Received a gift from Okawaru
  9757 | D        | Noticed a quicksilver dragon
  9763 | D        | Killed a quicksilver dragon
  9770 | D        | Killed an ancient lich
  9774 | D        | Received a gift from Okawaru
  9774 | D        | Identified the +4 quarterstaff of Greatest Utility {flame,
                  | rN++}
  9775 | D        | Killed a quicksilver dragon
  9776 | D        | HP: 5/183 [shadow dragon/bolt of negative energy (28)]
  9778 | D        | Received a gift from Okawaru
 10439 | D        | Received a gift from Okawaru
 10750 | D        | Got a silver rune of Zot
 10890 | D        | Noticed Boris
 10902 | D        | Killed Boris
 10953 | D        | Got the amulet of Veusirua {RegenMP Fly}
 10957 | D        | Got the ring "Xaggu" {rF+ Will- rCorr SInv}
 10959 | D        | Got the ring "Woethuxit" {Will- rCorr MP+9 SInv}
 10961 | D        | Got the ring "Etatt" {Wiz rElec Str+2}
 11061 | D        | Noticed Sojobo
 11079 | D        | Killed Sojobo
 11079 | D        | Received a gift from Okawaru
 11093 | D        | Received a gift from Okawaru
 11449 | D        | Noticed a lich
 11449 | D        | Noticed a tentacled monstrosity
 11453 | D        | Killed a tentacled monstrosity
 11453 | D        | Received a gift from Okawaru
 11457 | D        | Killed a lich
 11458 | D        | Reached skill level 5 in Stealth
 11468 | D        | Reached XP level 18. HP: 176/200 MP: 32/32
 11478 | D        | Paralysed by a great orb of eyes for 6 turns
 11666 | D        | Received a gift from Okawaru
 11829 | D        | Received a gift from Okawaru
 11846 | D        | Received a gift from Okawaru
 11971 | D        | Noticed a tentacled monstrosity
 11973 | D        | Killed a tentacled monstrosity
 12190 | D        | Noticed a golden dragon
 12216 | D        | Killed a golden dragon
 12300 | D        | Received a gift from Okawaru
 12301 | D        | Reached skill level 27 in Throwing
 12305 | D        | Reached skill level 27 in Invocations
 12308 | D        | Reached skill level 10 in Stealth
 12691 | D        | Noticed an Orb Guardian
 12691 | D        | Noticed an Orb Guardian
 12691 | D        | Noticed an Orb Guardian
 12691 | D        | Noticed an Orb Guardian
 12691 | D        | Noticed an Orb Guardian
 12691 | D        | Noticed an Orb Guardian
 12695 | D        | Killed an Orb Guardian
 12695 | D        | Received a gift from Okawaru
 12703 | D        | Killed an Orb Guardian
 12707 | D        | Killed an Orb Guardian
 12707 | D        | Identified the +1 pair of gloves "Zasehoc" {Harm Dex-3
                  | SInv} (Okawaru gifted it to you in the Dungeon)
 12707 | D        | Received a gift from Okawaru
 12714 | D        | Killed an Orb Guardian
 12724 | D        | Killed an Orb Guardian
 12725 | D        | Reached skill level 15 in Stealth
 12725 | D        | Reached XP level 19. HP: 207/207 MP: 35/35
 12767 | D        | Noticed a curse toe
 12769 | D        | Killed a curse toe
 12780 | D        | Identified the +1 trident of Borrivycw {freeze, Fly rN+
                  | MP+9} (Okawaru gifted it to you in the Dungeon)
 12780 | D        | Received a gift from Okawaru
 12904 | D        | Noticed an ancient lich
 12911 | D        | Killed an ancient lich
 12915 | D        | Noticed an orb of fire
 12920 | D        | Killed an orb of fire
 12920 | D        | Received a gift from Okawaru
 12923 | D        | Noticed an electric golem
 12933 | D        | Killed an electric golem
 12937 | D        | Noticed a Killer Klown
 12937 | D        | Noticed an ancient lich
 12937 | D        | Noticed a golden dragon
 12939 | D        | Killed a golden dragon
 12940 | D        | Killed a Killer Klown
 12940 | D        | Killed an ancient lich
 12940 | D        | Received a gift from Okawaru
 12941 | D        | Reached skill level 27 in Stealth
 12941 | D        | Noticed an orb of fire
 12942 | D        | Noticed an electric golem
 12949 | D        | Killed an electric golem
 12950 | D        | Reached skill level 1 in Short Blades
 12950 | D        | Reached skill level 1 in Long Blades
 12950 | D        | Reached skill level 1 in Axes
 12950 | D        | Reached skill level 1 in Maces & Flails
 12950 | D        | Reached skill level 1 in Staves
 12950 | D        | Reached skill level 1 in Slings
 12950 | D        | Reached skill level 1 in Bows
 12950 | D        | Reached skill level 1 in Crossbows
 12950 | D        | Reached skill level 1 in Unarmed Combat
 12950 | D        | Reached skill level 1 in Transmutations
 12950 | D        | Reached skill level 1 in Earth Magic
 12961 | D        | Killed an orb of fire
 12961 | D        | Received a gift from Okawaru
 12961 | D        | Received a gift from Okawaru
 12962 | D        | Reached skill level 1 in Spellcasting
 12962 | D        | Reached skill level 1 in Conjurations
 12962 | D        | Reached skill level 1 in Hexes
 12962 | D        | Reached skill level 1 in Summonings
 12962 | D        | Reached skill level 1 in Necromancy
 12962 | D        | Reached skill level 1 in Translocations
 12962 | D        | Reached skill level 1 in Fire Magic
 12962 | D        | Reached skill level 1 in Ice Magic
 12962 | D        | Reached skill level 1 in Air Magic
 12962 | D        | Reached skill level 1 in Poison Magic
 12987 | D        | Noticed an electric golem
 12989 | D        | Noticed an orb of fire
 12992 | D        | Reached XP level 20. HP: 70/216 MP: 36/36
 12995 | D        | Killed an orb of fire
 12996 | D        | Reached skill level 10 in Dodging
 13314 | D        | Received a gift from Okawaru
 13356 | D        | Reached skill level 15 in Dodging
 13474 | D        | Noticed an ancient lich
 13474 | D        | Noticed an ancient lich
 13476 | D        | Noticed an ancient lich
 13484 | D        | Killed an ancient lich
 13485 | D        | Reached skill level 15 in Slings
 13485 | D        | Killed an ancient lich
 13485 | D        | Received a gift from Okawaru
 13486 | D        | Reached skill level 15 in Evocations
 13489 | D        | Killed an ancient lich
 13507 | D        | Paralysed by a vampire knight for 6 turns
 13771 | D        | Received a gift from Okawaru
 13792 | D        | Received a gift from Okawaru
 13801 | D        | Reached XP level 21. HP: 212/224 MP: 37/37
 13824 | D        | Got an elven rune of Zot
 13943 | D        | Reached skill level 5 in Translocations
 13946 | D        | Noticed the Royal Jelly
 13955 | D        | Reached skill level 5 in Spellcasting
 13955 | D        | Killed the Royal Jelly
 13989 | D        | Identified the +0 pair of gloves of Pandemonium {Contam rC+
                  | rN+ Int+3} (Okawaru gifted it to you in the Dungeon)
 13989 | D        | Received a gift from Okawaru
 14030 | D        | Got a slimy rune of Zot
 14135 | D        | Reached skill level 10 in Translocations
 14136 | D        | Paralysed by a sphinx for 7 turns
 14159 | D        | Paralysed by a sphinx for 3 turns
 14164 | D        | Reached skill level 10 in Spellcasting
 14169 | D        | Paralysed by a sphinx for 6 turns
 14407 | D        | Noticed a royal mummy
 14411 | D        | Killed a royal mummy
 14411 | D        | Received a gift from Okawaru
 14928 | D        | Noticed a royal mummy
 14928 | D        | Noticed a royal mummy
 14928 | D        | Noticed a royal mummy
 14928 | D        | Noticed a royal mummy
 14933 | D        | Killed a royal mummy
 14933 | D        | Received a gift from Okawaru
 14933 | D        | Noticed a royal mummy
 14934 | D        | Killed a royal mummy
 15187 | D        | Killed a royal mummy
 15306 | D        | Killed a royal mummy
 15340 | D        | Killed a royal mummy
 15822 | D        | Received a gift from Okawaru
 15827 | D        | Noticed a royal mummy
 15839 | D        | Killed a royal mummy
 15840 | D        | Reached XP level 22. HP: 123/233 MP: 38/38
 15842 | D        | Got a golden rune of Zot
 16088 | D        | Got an abyssal rune of Zot
 16215 | D        | Noticed Geryon
 16223 | D        | Killed Geryon
 16227 | D        | Found the +4 staff of Dispater
 16227 | D        | Noticed Dispater
 16227 | D        | Found the +7 sceptre of Asmodeus
 16227 | D        | Noticed Asmodeus
 16572 | D        | HP: 15/349 [balrug[Asmodeus] (6)]
 16572 | D        | HP: 4/349 [balrug[Asmodeus] (11)]
 16574 | D        | Killed Asmodeus
 16574 | D        | Received a gift from Okawaru
 16574 | D        | Received a gift from Okawaru
 16575 | D        | Reached skill level 27 in Dodging
 16575 | D        | Reached skill level 15 in Translocations
 17412 | D        | Noticed Mnoleg
 17421 | D        | Killed Mnoleg
 17422 | D        | Reached skill level 15 in Spellcasting
 17492 | D        | Killed Dispater
 18615 | D        | Got an obsidian rune of Zot
 18617 | D        | Noticed Lom Lobon
 18626 | D        | Noticed Antaeus
 18637 | D        | Found the +6 sword of Cerebov {flame}
 18637 | D        | Noticed Cerebov
 18642 | D        | Killed Lom Lobon
 18648 | D        | Noticed Gloorx Vloq
 18651 | D        | Killed Antaeus
 18662 | D        | Killed Gloorx Vloq
 18667 | D        | HP: 4/233 [Cerebov/iron shot (64)]
 18668 | D        | Killed Cerebov
 18668 | D        | Received a gift from Okawaru
 18669 | D        | Reached skill level 27 in Evocations
 18760 | D        | Noticed Ereshkigal
 19268 | D        | Killed Ereshkigal
 19268 | D        | Received a gift from Okawaru
 19270 | D        | Got an iron rune of Zot
 19279 | D        | Got a glowing rune of Zot
 19284 | D        | Got a magical rune of Zot
 19289 | D        | Got an icy rune of Zot
 19293 | D        | Got a fiery rune of Zot
 19297 | D        | Got a dark rune of Zot
 19301 | D        | Got a bone rune of Zot
 19738 | D        | Got the Orb of Zot
 20237 | D        | Noticed Duoborou the pandemonium lord
 20244 | D        | Killed Duoborou the pandemonium lord
 20244 | D        | Received a gift from Okawaru
 20245 | D        | Reached XP level 23. HP: 25/240 MP: 42/45
 20764 | D        | Noticed Boris
 20771 | D        | Killed Boris
 20816 | D        | Received a gift from Okawaru
 21289 | D        | Gained mutation: Your body sometimes deteriorates upon
                  | taking damage. [a neqoxec]
 21469 | D        | Noticed Jauts the pandemonium lord
 21472 | D        | Killed Jauts the pandemonium lord
 21755 | D        | Noticed Esigif the pandemonium lord
 21777 | D        | Killed Esigif the pandemonium lord
 22061 | D        | Noticed Rouroeqel the pandemonium lord
 22067 | D        | Drowned by Rouroeqel the pandemonium lord

Illustrated notes

Levels and vault maps discovered:
D:        linesprint [early_d, line_temple, items_1, d_10, items_2, lair_1,
          lair_end, items_3, orc_1, orc_end, items_4, d_15, swamp_1, shoals_1,
          snake_1, spider_1, d_20, vaults_1, items_5, swamp_end, shoals_end,
          snake_end, spider_end, vaults_end, d_27, items_6, zot_1, zot_end,
          crypt_end, forest_end, elf_end, slime_end, tomb_end, abyss_end,
          pan_hell_end]

Skill      XL: |  1  2  3  4  5  6  7  8  9 10 11 12 13 14 15 16 17 18 19 20 21 22 23 |
---------------+----------------------------------------------------------------------+-----
Fighting       | 6 7 8 9 12 13 15 17 19 20 22 26 27 | 27.0
Armour         | 6 7 8 9 11 12 13 15 17 19 20 24 27 | 27.0
Shields        | 6 7 8 9 11 12 15 17 19 23 27 | 27.0
Polearms       | 5 6 7 9 14 16 17 18 20 21 22 25 27 | 27.0
Dodging        | 1 2 3 5 6 21 26 27 | 27.0
Evocations     | 2 3 4 5 6 18 23 27 | 27.0
Stealth        | 1 2 3 5 15 27 | 27.0
Throwing       | 4 15 22 27 | 27.0
Invocations    | 5 15 22 27 | 27.0
Short Blades   | 3 |  3.3
Long Blades    | 3 |  3.6
Axes           | 3 |  3.6
Maces & Flails | 3 |  3.7
Staves         | 3 |  3.6
Slings         | 3 20 | 20.7
Bows           | 3 |  3.3
Crossbows      | 3 |  3.3
Unarmed Combat | 3 |  3.3
Transmutations | 2 |  2.7
Earth Magic    | 2 |  2.8
Spellcasting   | 1 2 13 19 22 | 22.9
Conjurations   | 2 |  2.5
Hexes          | 1 2 |  2.0
Summonings     | 2 |  2.2
Necromancy     | 2 |  2.2
Translocations | 2 14 21 24 | 24.4
Fire Magic     | 2 |  2.5
Ice Magic      | 2 |  2.5
Air Magic      | 2 |  2.5
Poison Magic   | 2 |  2.5

Action                   |  1- 3 |  4- 6 |  7- 9 | 10-12 | 13-15 | 16-18 | 19-21 | 22-24 || total
-------------------------+-------+-------+-------+-------+-------+-------+-------+-------++-------
Melee: Trident           |    18 |    32 |    76 |   145 |       |       |       |       ||   271
       Headbutt          |     1 |     6 |    10 |   140 |   272 |   215 |    82 |    82 ||   808
       Spear             |       |       |       |   373 |   661 |       |       |       ||  1034
       Demon trident     |       |       |       |       |   210 |   607 |   193 |       ||  1010
       Trishula          |       |       |       |       |    34 |    13 |   112 |   276 ||   435
Throw: Javelin           |       |       |       |       |     7 |    25 |    68 |    62 ||   162
       Dart              |       |       |       |       |       |       |       |     4 ||     4
Invok: Heroism           |       |       |       |       |     1 |       |     1 |     5 ||     7
       Finesse           |       |       |       |       |     1 |       |     1 |     4 ||     6
Evoke: Wand              |       |     1 |     4 |     1 |     8 |       |       |       ||    14
  Use: Potion            |     2 |     1 |       |     4 |    13 |       |     3 |     9 ||    32
       Scroll            |       |       |       |       |     2 |    23 |     1 |     3 ||    29
 Stab: Confused          |       |       |       |       |       |     1 |       |       ||     1
       Sleeping          |       |       |       |       |       |       |     6 |     1 ||     7
       Distracted        |       |       |       |       |       |       |     2 |       ||     2
       Invisible         |       |       |       |       |       |       |       |     3 ||     3
Armor: Scale mail        |    12 |       |       |       |       |       |       |       ||    12
       Chain mail        |       |     7 |    27 |    47 |       |       |       |       ||    81
       Plate armour      |       |       |       |    13 |       |       |       |       ||    13
       Crystal plate arm |       |       |       |    34 |   174 |   123 |    97 |    41 ||   469
Dodge: Dodged            |     5 |    11 |     5 |    47 |    71 |    57 |    35 |    30 ||   261
Block: Kite shield       |     4 |    18 |    29 |   109 |       |       |       |       ||   160
       Tower shield      |       |       |       |    81 |   679 |   345 |   149 |   143 ||  1397

Table legend: (Time is in decaauts) A = Elapsed time spent in this place. B = Non-inter-level travel time spent in this place. C = Inter-level travel time spent in this place. D = Time resting spent in this place. E = Time spent auto-exploring this place. F = Levels seen in this place. G = Mean time per level. A B C D E F G +--------+--------+--------+--------+--------+-----+--------+ Total | 20875 | 19239 | 1636 | 10986 | 3282 | 1 | 20875.0 | Dungeon | 20875 | 19239 | 1636 | 10986 | 3282 | 1 | 20875.0 | +--------+--------+--------+--------+--------+-----+--------+

Top non-repeatable levels by time:
       D: 20875 daAuts
